cohdb
Replays
Latest Replays
All Replays
Popular Replays
Top Player Replays
Match Explorer
How It Works
Community
CoH3 Stats
Reddit
Sign in to upload your games and track your stats! →
Sign in with Steam
Match 45241860
Unlisted
Match 45241860
Overview
Messages
Build Orders
End
Construct Section Command Post
Selects Heavy Armor Battlegroup
Royal Engineer Section
Dingo Light Scout Car
Infantry Section
Infantry Section
Infantry Section
Selects Rigorous Vehicle Training
Vickers Machine Gun Team
Construct Field Infirmary
Construct Platoon Command Post
Humber Armored Car
Selects Forward Repair Assembly
Selects Light Vehicle Withdraw and Refit
Light Vehicle Withdraw and Refit
Infantry Training
Grenade Package
Selects UNKNOWN (202330)
Unlock Bishop Self-propelled Artillery
Bishop Self-propelled Artillery
pagep
7k this year for sure
Bradare
kxSven
0
0
Comments
sign in to comment!
No comments posted yet!